 Dungeon Crawl Stone Soup version 0.29-a0-393-g47a863cc1b (webtiles) character file.

Game seed: 8208029325770469216

51 quinnr the Gusty (level 3, -12/19 HPs)
             Began as a Tengu Air Elementalist on May 10, 2022.
             Killed by divine providence
             ... invoked by an orc priest
              (15 damage)
             ... on level 6 of the Dungeon.
             The game lasted 00:03:51 (2108 turns).

quinnr the Gusty (Tengu Air Elementalist)           Turns: 2108, Time: 00:03:52

Health: -12/19     AC:  3    Str:  8    XL:     3   Next: 83%
Magic:  7/7        EV: 12    Int: 17    God:
Gold:   76         SH:  4    Dex: 14    Spells: 5/6 levels left

rFire   . . .      SeeInvis .   e - staff of air
rCold   . . .      Faith    .   g - +0 buckler
rNeg    . . .      Spirit   .   a - +0 robe
rPois   .          Reflect  .   (helmet restricted)
rElec   +          Harm     .   (no cloak)
rCorr   .          Rampage  .   j - +0 pair of gloves
Will    .....                   (boots unavailable)
Stlth   ++........              (no amulet)
HPRegen 0.06/turn               (no ring)
MPRegen 0.10/turn               (no ring)

@: no status effects
A: beak, talons 3
a: no special abilities


You were on level 6 of the Dungeon.
You visited 1 branch of the dungeon, and saw 4 of its levels.

You collected 76 gold pieces.

Inventory:

Hand Weapons
 m - a +0 dagger of flaming
Armour
 a - a +0 robe (worn)
 g - a +0 buckler (worn)
 j - a +0 pair of gloves (worn)
Magical Staves
 e - a staff of air (weapon)
Jewellery
 q - an amulet of guardian spirit
Scrolls
 d - a scroll of vulnerability {unknown}
 h - a scroll of magic mapping {unknown}
 k - a scroll of teleportation {unknown}
 l - a scroll of fear {unknown}
 n - a scroll of identify {unknown}
Potions
 b - a potion of magic
 c - a potion of flight {unknown}
 f - a potion of attraction {unknown}
 i - 3 potions of invisibility {unknown}
 r - 2 potions of heal wounds


   Skills:
 - Level 2.1 Dodging
 - Level 2.0 Stealth
 + Level 1.6 Shields
 - Level 2.0 Spellcasting
 - Level 1.3 Conjurations
 + Level 5.6 Air Magic


You had 5 spell levels left.
You knew the following spells:

 Your Spells              Type           Power      Damage    Failure   Level
a - Shock                 Conj/Air       80%        1d8       6%          1

Your spell library contained the following spells:

 Spells                   Type           Power      Damage    Failure   Level
 Swiftness                Air            31%        N/A       8%          3
 Static Discharge         Conj/Air       20%        N/A       10%         2
 Airstrike                Air            15%        N/A       26%         4


Dungeon Overview and Level Annotations

Branches:
Dungeon (6/15)
 Temple: D:4-7

Altars:

Annotations:
D:6 Sigmund


Innate Abilities, Weirdness & Mutations

You have a beak for a mouth.
You have claws for feet.


Message History

You hit the hound but do no damage. You peck the hound, but do no damage.
The hound bites you. The hound closely misses you.
Unknown command.
You closely miss the hound. The hound bites you.
The hound bites you but does no damage.
Unknown command.
It was a potion of heal wounds.
You feel much better. The hound bites you.
You barely miss the hound. You block the hound's attack.
A hound comes into view.
The hound misses you.
You barely miss the hound. Your peck misses the hound. The hound bites you.
The howler monkey hoots and howls with incredible vigour!
The hound bites you but does no damage. The hound bites you.
The hound attacks as you move away! The hound barely misses you.
The hound misses you.
The howler monkey hoots and howls with incredible vigour!
The hound attacks as you move away! The hound bites you. x2
A scorpion comes into view.
A scorpion comes into view.
The hound bites you but does no damage.
The scorpion moves out of view.
An ogre comes into view. It is wielding a +0 giant club.
Magic scrolls do not work when you're silenced!
The hound attacks as you move away! The hound barely misses you.
The hound attacks as you move away! The hound bites you.
Your hearing returns.
A hound comes into view.
The hound barely misses you. The hound bites you.
* * * LOW HITPOINT WARNING * * *
Blink to where?
Press: ? - help, Dir - move target Sigmund, an orc priest and 3 orcs come into view.
Sigmund is wielding a +2 scythe of protection.
As you read the scroll labelled UGGUOH SACAIWI, it crumbles to dust.
It was a scroll of blinking.
The orc priest shouts!
The orc shouts! x2
The orc priest mumbles some strange prayers to Beogh against you.
Beogh smites you!
Ouch! That really hurt!
You die...

.####.h........#
..$..#........# ##
####.s...hs..## o..
###....5.§..?.# ....
..........h.O.# ###.o..
...≈≈≈............#..@..
..≈≈≈≈≈........##...o..o
####≈#####..............
#≈≈# #......@.......
#≈### #......#####... #§
#....#.. # #....#. #..
.. ## #. ##


You could see an ogre, Sigmund, a scorpion, 2 hounds, an orc priest and 3 orcs.

Vanquished Creatures
  2 adders
  A worm (D:3)
  2 dart slugs
  2 bats (D:1)
  3 endoplasms (D:1)
  A giant cockroach (D:1)
  4 goblins
  2 hobgoblins
  A kobold (D:3)
  2 quokkas (D:1)
  5 rats
25 creatures vanquished.

Notes
Turn   | Place    | Note
-------+----------+-------------------------------------------
     0 | D:1      | quinnr the Tengu Air Elementalist began the quest for the
                  | Orb.
     0 | D:1      | Reached XP level 1. HP: 10/10 MP: 4/4
   209 | D:1      | Reached XP level 2. HP: 15/15 MP: 0/6
   461 | D:1      | Reached skill level 5 in Air Magic
  1122 | D:2      | Reached skill level 1 in Shields
  1122 | D:2      | Reached XP level 3. HP: 19/19 MP: 4/7
  2085 | D:3      | You fall into a shaft and drop 3 floors!
  2085 | D:6      | Noticed a scorpion
  2103 | D:6      | Noticed a scorpion
  2104 | D:6      | Noticed a scorpion
  2105 | D:6      | Noticed an ogre
  2108 | D:6      | Noticed Sigmund
  2108 | D:6      | Killed from afar by an orc priest

Illustrated notes

Levels and vault maps discovered:
D:1:      scummos_arrival_gate, layout_basic
D:2:      layout_loops_ring
D:3:      layout_loops_ring, marbit_many_paths, mainiacjoe_overflow_alcove_4,
          shapermc_ecumenical_altar_ellora, serial_shops, nicolae_square_shop
D:6:      layout_rooms, kennysheep_mini, lemuel_another_geyser, uniq_sigmund

Skill      XL: |  1  2 |
---------------+-------+-----
Air Magic      | 5 |  5.6
Shields        | 1 |  1.6
Dodging        | |  2.1
Stealth        | |  2.0
Spellcasting   | |  2.0
Conjurations   | |  1.3

Action                   || total
-------------------------++-------
Melee: Unarmed           ||     2
       Peck              ||     2
       Kick              ||     1
       Staff             ||     4
 Cast: Shock             ||    54
  Use: Scroll            ||     2
       Potion            ||     1
Armor: Robe              ||     6
Dodge: Dodged            ||    16
Block: Buckler           ||     3

Table legend: (Time is in decaauts)
 A = Elapsed time spent in this place.
 B = Non-inter-level travel time spent in this place.
 C = Inter-level travel time spent in this place.
 D = Time resting spent in this place.
 E = Time spent auto-exploring this place.
 F = Levels seen in this place.
 G = Mean time per level.
                   A        B        C        D        E       F      G
               +--------+--------+--------+--------+--------+-----+--------+
         Total |   2107 |   2060 |     47 |    104 |   1741 |   4 |  526.8 |
       Dungeon |   2107 |   2060 |     47 |    104 |   1741 |   4 |  526.8 |
               +--------+--------+--------+--------+--------+-----+--------+

Top non-repeatable levels by time:
     D:1: 950 daAuts
     D:2: 744 daAuts
     D:3: 388 daAuts
     D:6: 23 daAuts
